 Dungeon Crawl Stone Soup version 0.19-a0 (webtiles) character file.

5830 wvc the Slicer (level 11, -10/102 HPs)
             Began as a Halfling Fighter on Apr 26, 2016.
             Was an Initiate of Okawaru.
             Mangled by MovingMist's ghost (14 damage)
             ... on level 8 of the Dungeon on Apr 27, 2016.
             The game lasted 00:22:54 (10508 turns).

wvc the Slicer (Halfling Fighter)                  Turns: 10508, Time: 00:22:55

Health: -10/102    AC: 25    Str: 16    XL:     11   Next: 7%
Magic:  11/11      EV:  3    Int:  7    God:    Okawaru [......]
Gold:   446        SH: 13    Dex: 23    Spells: 0 memorised, 10 levels left

rFire  . . .     SeeInvis .     n - +5 dagger
rCold  . . .     Gourm    .     (armour currently unavailable)
rNeg   + + +     Faith    .     c - +1 shield
rPois  +         Spirit   .     (helmet currently unavailable)
rElec  .         Dismiss  .     (cloak currently unavailable)
rCorr  .         Reflect  .     (gloves currently unavailable)
SustAt +         Harm     .     (boots currently unavailable)
MR     .....     NoTele   +     (no amulet)
Stlth  ++........               F - ring of loudness (curse)
                                m - ring of sustain attributes

@: agile, tree-form, not resistant to hostile enchantments, unstealthy
A: mutation resistance 1
a: Renounce Religion


You were on level 8 of the Dungeon.
You worshipped Okawaru.
Okawaru was noncommittal.
You were hungry.
You were a tree.
You visited 2 branches of the dungeon, and saw 9 of its levels.
You also visited: Sewer.

You collected 521 gold pieces.
You spent 75 gold pieces at shops.

Inventory:

Hand Weapons
 a - a +1 dagger of venom
 b - a +0 rapier
 e - a +1 antimagic dagger
 n - a +5 dagger (weapon)
 y - a +3 scimitar
Missiles
 k - 8 poisoned needles
Armour
 c - a +1 shield (worn)
 t - a +2 ring mail of magic resistance
 w - a +3 leather armour of fire resistance
 A - the +7 scale mail of Joy (melded) {rF+ MR- Str+7}
   (You found it on level 6 of the Dungeon)

   It affects your strength (+7).
   It protects you from fire.
   It affects your resistance to hostile enchantments.
Jewellery
 m - a ring of sustain attributes (left branch)
 F - a cursed ring of loudness (right branch)
Wands
 g - a wand of polymorph (7/24)
 x - a wand of paralysis (8/24)
 B - a wand of confusion (48/48)
 C - a wand of digging (12/24)
Scrolls
 o - 2 scrolls of teleportation
 q - 2 scrolls of blinking
 r - 2 scrolls of magic mapping
Potions
 i - 5 potions of flight
 s - a potion of brilliance
 u - a potion of haste {unknown}
Books
 f - a Fen Folio

   Spells                             Type                      Level
   a - Corpse Rot                     Necromancy                   2
   b - Stone Arrow                    Conjuration/Earth            3
   c - Leda's Liquefaction            Hexes/Earth                  4
   d - Summon Forest                  Summoning/Translocation      5
   e - Hydra Form                     Transmutation                6
   f - Summon Hydra                   Summoning                    7
 l - a book of Clouds

   Spells                             Type                      Level
   a - Mephitic Cloud                 Conjuration/Poison/Air       3
   b - Conjure Flame                  Conjuration/Fire             3
   c - Poisonous Cloud                Conjuration/Poison/Air       6
   d - Freezing Cloud                 Conjuration/Ice/Air          6
   e - Ring of Flames                 Charms/Fire                  7
Comestibles
 h - 2 meat rations
 j - 3 fruits
 v - 9 slices of pizza
 z - 2 beef jerkies
 D - 3 bread rations
 E - a royal jelly


   Skills:
 + Level 3.9 Fighting
 - Level 14.8(15.3) Short Blades
 - Level 5.0(9.2) Long Blades
 + Level 4.3 Armour
 + Level 5.1 Dodging
 * Level 7.9 Shields


You had 10 spell levels left.
You didn't know any spells.

Dungeon Overview and Level Annotations

Branches:
Dungeon (8/15)             Temple (1/1) D:7
   Lair: D:8-11

Altars:
Ashenzari
Cheibriados
Dithmenos
Elyvilon
Fedhas
Gozag
Kikubaaqudgha
Makhleb
Nemelex Xobeh
Okawaru
Pakellas
Qazlal
Ru
Sif Muna
Trog
Vehumet
Xom
Yredelemnul
Zin
The Shining One

Shops:
D:5 (   D:7 =

Annotations:
D:8 Erolcha; MovingMist's ghost, novice DsAK


Innate Abilities, Weirdness & Mutations

You are small and have problems with some larger weapons.
You are somewhat resistant to further mutation.


Message History

MovingMist's ghost hits you but does no damage.
You completely miss MovingMist's ghost.
MovingMist's ghost is moderately damaged.
You block the giant frog zombie's attack.
MovingMist's ghost hits you!
* * * LOW HITPOINT WARNING * * *
You hit MovingMist's ghost.
MovingMist's ghost is moderately damaged.
You block the giant frog zombie's attack.
You puncture MovingMist's ghost!
MovingMist's ghost is heavily damaged.
You block MovingMist's ghost's attack.
The giant frog zombie hits you but does no damage.
You completely miss MovingMist's ghost.
MovingMist's ghost is heavily damaged.
You hit MovingMist's ghost.
MovingMist's ghost is heavily damaged.
You block the giant frog zombie's attack.
MovingMist's ghost hits you!
You die...

..........#.....#
.................
................
#..............
#.....)........
#W....<..))....
#........).)...
##########........†.....
.......♣W......(........
......Z#####.....#.....#
....... #############
....... ....... .......
.##....
###...###########
..........#


You could see MovingMist's ghost and a giant frog zombie.

Vanquished Creatures
  Pikel (D:6)
  The ghost of Wizbit the Shield-Bearer, a novice DDFi of Pakellas (D:6)
  A two-headed ogre (D:8)
  Grinder (D:6)
  The ghost of varam the Grave Robber, an amateur DENe of Makhleb (D:4)
  A human (D:7)
  A hungry ghost (D:6)
  Edmund (D:5)
  Duvessa (D:6)
  2 ice beasts
  4 slaves
  3 phantoms
  3 centaurs
  2 black bears
  3 ogres
  A crocodile (D:6)
  A big kobold (D:7)
  6 giant frogs
  Dowan (D:6)
  A wyvern skeleton (D:6)
  4 scorpions
  5 killer bees (D:6)
  A water moccasin skeleton (D:7)
  A howler monkey (D:5)
  5 wights (D:6)
  2 crimson imps (D:6)
  A giant frog zombie (D:6)
  4 orc priests
  3 centaur skeletons (D:6)
  3 hounds
  13 orc wizards
  A giant frog skeleton (D:6)
  2 iguanas (D:6)
  Ijyb (D:2)
  9 worker ants
  A siren (Sewer)
  A merfolk avatar (Sewer)
  4 sheep (D:7)
  A hound skeleton (D:5)
  13 adders
  3 river rats (Sewer)
  A shadow imp (D:6)
  4 oozes
  5 worms
  6 dart slugs
  8 giant geckos
  31 orcs
  10 bats
  9 giant cockroaches
  12 goblins
  8 hobgoblins
  4 jackals (D:5)
  9 kobolds
  2 quokkas
  4 ball pythons
  A giant cockroach zombie (D:6)
  A giant gecko zombie (D:6)
  9 giant newts
  A quokka zombie (D:5)
  28 rats
267 creatures vanquished.

Notes
Turn   | Place    | Note
--------------------------------------------------------------
     0 | D:1      | wvc the Halfling Fighter began the quest for the Orb.
     0 | D:1      | Reached XP level 1. HP: 15/15 MP: 1/1
    69 | D:1      | Reached XP level 2. HP: 12/20 MP: 2/2
   321 | D:1      | Reached XP level 3. HP: 25/25 MP: 3/3
   738 | D:2      | Reached XP level 4. HP: 26/30 MP: 4/4
   820 | D:2      | Noticed Ijyb
   834 | D:2      | Killed Ijyb
   853 | D:2      | Found a burning altar of Makhleb.
   991 | D:2      | Reached XP level 5. HP: 27/35 MP: 5/5
  1398 | D:3      | Reached skill level 5 in Long Blades
  1626 | D:2      | Reached skill level 1 in Short Blades
  2224 | D:3      | Reached skill level 2 in Short Blades
  2308 | D:3      | Upgraded the game from 0.18-a0-1805-g8ab820f to 0.19-a0
  2327 | D:3      | Reached skill level 3 in Short Blades
  2361 | D:4      | Reached XP level 6. HP: 28/41 MP: 6/6
  2504 | D:3      | Reached skill level 4 in Short Blades
  2704 | D:3      | Reached skill level 5 in Short Blades
  2855 | D:4      | Reached XP level 7. HP: 34/45 MP: 7/7
  2911 | D:4      | Reached skill level 6 in Short Blades
  3290 | D:4      | Noticed varam's ghost (amateur DENe)
  3337 | D:4      | Killed varam's ghost
  3337 | D:4      | Reached skill level 7 in Short Blades
  3503 | D:4      | Reached skill level 8 in Short Blades
  3923 | D:4      | Reached XP level 8. HP: 49/51 MP: 8/8
  3931 | D:4      | Reached skill level 9 in Short Blades
  4041 | D:4      | Found a blossoming altar of Fedhas.
  4720 | D:5      | Entered Level 5 of the Dungeon
  4779 | D:5      | Reached skill level 10 in Short Blades
  4814 | D:5      | Noticed Edmund
  4828 | D:5      | Killed Edmund
  4837 | D:5      | Found a glowing drain.
  4850 | Sewer    | Entered a sewer
  5043 | Sewer    | Reached skill level 11 in Short Blades
  5252 | Sewer    | Got an opalescent robe
  5263 | Sewer    | Identified the cursed +1 robe "Noicaj" {rF+ rCorr Str+6 Int-5} (You found it in a sewer)
  5582 | D:5      | Reached XP level 9. HP: 26/55 MP: 9/9
  5595 | D:5      | Reached skill level 12 in Short Blades
  6096 | D:5      | Found Zesuikhi's Antique Weapon Emporium.
  6105 | D:5      | Bought a glowing short sword for 75 gold pieces
  6450 | D:6      | Reached skill level 13 in Short Blades
  6563 | D:6      | Noticed Duvessa
  6563 | D:6      | Noticed Dowan
  6676 | D:6      | Noticed Grinder
  6679 | D:6      | Paralysed by Grinder for 7 turns
  6720 | D:6      | Killed Grinder
  6985 | D:6      | Noticed Wizbit's ghost (novice DDFi)
  7026 | D:6      | Killed Wizbit's ghost
  7026 | D:6      | Reached skill level 14 in Short Blades
  7035 | D:6      | Killed Duvessa
  7065 | D:6      | Killed Dowan
  7745 | D:6      | Reached XP level 10. HP: 46/61 MP: 10/10
  7850 | D:6      | Noticed Pikel
  7877 | D:6      | Killed Pikel
  8254 | D:6      | Found a shadowy altar of Dithmenos.
  8566 | D:6      | Reached skill level 5 in Shields
  9292 | D:6      | Got a fine scale mail
  9397 | D:6      | Identified the +7 scale mail of Joy {rF+ MR- Str+7} (You found it on level 6 of the Dungeon)
  9863 | D:7      | Found Kaqueghe's Jewellery Boutique.
  9907 | D:7      | Reached skill level 5 in Dodging
 10003 | D:7      | Reached XP level 11. HP: 68/68 MP: 11/11
 10062 | D:7      | Found a staircase to the Ecumenical Temple.
 10108 | Temple   | Entered the Ecumenical Temple
 10202 | Temple   | Became a worshipper of Warmaster Okawaru
 10383 | D:8      | Noticed MovingMist's ghost (novice DsAK)
 10419 | D:8      | Noticed Erolcha
 10504 | D:8      | HP: 3/102 [MovingMist's ghost (12)]
 10508 | D:8      | Mangled by MovingMist's ghost

Vault maps used:
D:1:      tarquinn_simple_flora_water_d
D:2:      lightli_temple_of_fire, uniq_iyjb
D:4:      first_bread, dk_noncrumbling_4, fedhas_bush_and_centaur_altar
D:5:      portal_sewer_entry_a, serial_shops, nicolae_shop_statue_plus,
          uniq_edmund
D:6:      kennysheep_windowed_halls, grunt_dithmenos_shadows,
          patterned_corridor, uniq_pikel, uniq_grinder, uniq_duvessa
D:7:      temple_pool_b, serial_shops, shop, grunt_livestock
D:8:      serial_shops, shop, nicolae_ossuary_entry_giza, uniq_erolcha
Temple:   kilobyte_greek_temple_18
Sewer:    sewer_sea

Skill      XL: |  1  2  3  4  5  6  7  8  9 10 |
---------------+-------------------------------+-----
Long Blades    | 3 4 5 |  5.0
Short Blades   | 3 5 8 11 14 | 14.8
Fighting       | 3 |  3.9
Dodging        | 5 |  5.1
Shields        | 7 |  7.9
Armour         | 4 |  4.3

Action                   |  1- 3 |  4- 6 |  7- 9 | 10-12 || total
-------------------------+-------+-------+-------+-------++-------
Melee: Long sword        |    79 |    67 |       |       ||   146
       Dagger            |       |   162 |   684 |   548 ||  1394
  Use: Scroll            |       |     6 |     7 |     5 ||    18
       Potion            |       |     3 |     7 |     3 ||    13
  Eat: Chunk             |       |     6 |     3 |     4 ||    13
       Fruit             |       |     1 |       |       ||     1
       Bread ration      |       |       |     3 |       ||     3
       Pizza             |       |       |     1 |       ||     1
       Meat ration       |       |       |       |     1 ||     1
Armor: Scale mail        |    30 |    57 |       |    68 ||   155
       Ring mail         |       |    17 |    33 |     4 ||    54
       Skin              |       |       |    11 |     3 ||    14
       Robe              |       |       |     9 |       ||     9
       Leather armour    |       |       |    25 |    15 ||    40
Dodge: Dodged            |    17 |    78 |   122 |   161 ||   378
Block: Shield            |    39 |    90 |   192 |   275 ||   596
